 Dungeon Crawl Stone Soup version 0.28-a0-479-g5baa6b73be (webtiles) character file.

Game seed: 12956588873881958621

95 bande the Skirmisher (level 4, 0/29 HPs)
             Began as a Gargoyle Fighter on Sept 17, 2021.
             Slain by Natasha (1 damage)
             ... on level 2 of the Dungeon.
             The game lasted 00:02:41 (1611 turns).

bande the Skirmisher (Gargoyle Fighter)             Turns: 1611, Time: 00:02:42

Health: 0/29       AC: 13    Str: 19 (20) XL:     4   Next: 65%
Magic:  4/4        EV:  7    Int:  7 (8)  God:
Gold:   80         SH:  4    Dex: 10      Spells: 3/3 levels left

rFire   . . .      SeeInvis .   a - +0 war axe
rCold   . . .      Faith    +   c - +0 buckler
rNeg    + . .      Spirit   .   h - +0 chain mail
rPois   ∞          Reflect  .   (no helmet)
rElec   +          Harm     .   (no cloak)
rCorr   .          Rampage  .   (no gloves)
Will    .....                   (no boots)
Stlth   ..........              i - amulet of faith
HPRegen 0.09/turn               (no ring)
MPRegen 0.09/turn               (no ring)

@: slowed, very slow
A: sickness immunity, AC +3, negative energy resistance 1, electricity
resistance, torment resistance 1, petrification resistance
a: no special abilities


You were on level 2 of the Dungeon.
You visited 1 branch of the dungeon, and saw 2 of its levels.

You collected 80 gold pieces.

Inventory:

Hand Weapons
 a - a +0 war axe (weapon)
Armour
 c - a +0 buckler (worn)
 h - a +0 chain mail (worn)
Jewellery
 b - a ring of wizardry
 i - an amulet of faith (around neck)
Scrolls
 g - a scroll of teleportation
 j - a scroll of immolation {unknown}
 k - a scroll of amnesia {unknown}
 l - a scroll of magic mapping
Potions
 d - 2 potions of might
 e - a potion of flight {unknown}
 f - 2 potions of berserk rage {unknown}
 m - a potion of ambrosia {unknown}


   Skills:
 + Level 3.9 Fighting
 + Level 3.2 Axes
 + Level 3.8 Armour
 + Level 3.7 Shields


You had 3 spell levels left.
You didn't know any spells.
Your spell library contained the following spells:

 Spells                   Type           Power      Damage    Failure   Level
 Slow                     Hex            0%         N/A       100%        2
 Inner Flame              Hex/Fire       0%         N/A       100%        3
 Summon Guardian Golem    Hex/Summ       0%         N/A       100%        3
 Discord                  Hex            0%         N/A       100%        8


Dungeon Overview and Level Annotations

Branches:
Dungeon (2/15)

Altars:

Shops:
D:2 *

Annotations:
D:2 1 runed translucent door, Crazy Yiuf, Natasha


Innate Abilities, Weirdness & Mutations

You are immune to sickness and miasma.
Your stone body is resilient. (AC +3)
You are immune to poison.
You resist negative energy. (rN+)
You are resistant to electric shocks. (rElec)
You are resistant to unholy torment.
You are immune to petrification.


Message History

No target in view!
No target in view!
No target in view!
No target in view!
No target in view!
No target in view!
Natasha, Servant of Life and Death comes into view.
Natasha hisses angrily. 4 orcs and an orc priest come into view.
Found 21 sling bullets.
The orc shouts!
The orc priest shouts!
The orc shouts! x2
You barely miss Natasha. Natasha barely misses you.
You closely miss Natasha. Natasha claws you but does no damage.
Natasha growls.
You block Natasha's attack.
You closely miss Natasha. You closely miss the orc.
Your chain mail prevents you from hitting the orc.
The orc hits you with a +0 war axe. The orc hits you but does no damage.
You block Natasha's attack. The orc hits you with a +0 war axe!
The orc hits you but does no damage.
Unknown command.
The orc hits you with a +0 dagger. Natasha claws you.
Natasha casts a spell at you.
You feel yourself slow down. Natasha barely misses you.
Natasha claws you but does no damage. Natasha claws you but does no damage.
You block Natasha's attack. Natasha barely misses you.
The orc barely misses you. Natasha claws you.
Natasha wildly gestures.
Natasha's front paws start to glow.
The orc priest calls down the wrath of Beogh upon you.
Beogh smites you!
* * * LOW HITPOINT WARNING * * *
Natasha claws you but does no damage. Natasha claws you but does no damage.
Natasha claws you.
You die...

.#################.#######
###### †#
#.....##.........###.....
.#
#.....##.#............###
.#
#..........##.##.###.####
.#
#.....##.####.##.#####...
.##
#.....##.##............##
..#####
###.####.##.#.###......#
......# #.# #.##.#.#
#.####.##
[.###.#####o####@##.#.# #.#
#...
#####......ooooh.##.#.# #.#
#.#.
..#.........#######.#.###.#
#.#. .#.#...####.#
#.#.#...# #.#. #...#.## #.#
#.#.#.### #.## ..∩o.## #.#
#.#.#.# ###.# #...#.# #.#
#.#.#.####.#.##
.#o#..#***#.#
#<.............
..#.........#
###.#.####.####


You could see Natasha and 4 orcs.

Vanquished Creatures
  7 adders (D:2)
  A dart slug (D:1)
  7 ball pythons
  3 bats
  3 endoplasms
  2 hobgoblins
  2 quokkas
  4 frilled lizards
  2 kobolds (D:1)
  3 rats
34 creatures vanquished.

Vanquished Creatures (others)
  6 plants (D:1)
6 creatures vanquished.

Grand Total: 40 creatures vanquished

Notes
Turn   | Place    | Note
-------+----------+-------------------------------------------
     0 | D:1      | bande the Gargoyle Fighter began the quest for the Orb.
     0 | D:1      | Reached XP level 1. HP: 14/14 MP: 1/1
   114 | D:1      | Reached XP level 2. HP: 13/19 MP: 2/2
   272 | D:1      | Found a faded altar of an unknown god.
   950 | D:2      | Got the Incunabulum of Malediction and Companions
   967 | D:2      | Found Byudod's Assorted Antiques.
  1081 | D:2      | Reached XP level 3. HP: 23/23 MP: 3/3
  1181 | D:2      | Found a runed translucent door.
  1182 | D:2      | Noticed Crazy Yiuf
  1329 | D:2      | Reached XP level 4. HP: 28/29 MP: 4/4
  1585 | D:2      | Noticed Natasha
  1609 | D:2      | HP: 1/29 [orc priest/divine providence (12)]
  1611 | D:2      | Slain by Natasha

Illustrated notes

Levels and vault maps discovered:
D:1:      psy_arrival_whirlpool, layout_rooms, serial_bayou,
          serial_bayou_crossing, serial_bayou_lagoon_b, serial_bayou_ford_a,
          serial_bayou_pond_d, serial_bayou_shore_a,
          dreamdust_ecumenical_altar_statues
D:2:      cheibrodos_pilgrimage, layout_loops_ring, serial_shops,
          nicolae_diamond_shop, minmay_snake_closets, uniq_crazy_yiuf_cottage,
          uniq_natasha

Skill      XL: |  1  2  3  4 |
---------------+-------------+-----
Axes           | 2 3 |  3.2
Fighting       | |  3.9
Armour         | |  3.8
Shields        | |  3.7

Action                   |  1- 3 |  4- 6 || total
-------------------------+-------+-------++-------
Melee: War axe           |   113 |    19 ||   132
  Use: Potion            |     2 |       ||     2
       Scroll            |     2 |       ||     2
Armor: Chain mail        |    88 |    18 ||   106
       Scale mail        |     1 |       ||     1
Dodge: Dodged            |    39 |     9 ||    48
Block: Buckler           |    21 |     6 ||    27

Table legend: (Time is in decaauts)
 A = Elapsed time spent in this place.
 B = Non-inter-level travel time spent in this place.
 C = Inter-level travel time spent in this place.
 D = Time resting spent in this place.
 E = Time spent auto-exploring this place.
 F = Levels seen in this place.
 G = Mean time per level.
                   A        B        C        D        E       F      G
               +--------+--------+--------+--------+--------+-----+--------+
         Total |   1717 |   1717 |      0 |      0 |   1314 |   2 |  858.5 |
       Dungeon |   1717 |   1717 |      0 |      0 |   1314 |   2 |  858.5 |
               +--------+--------+--------+--------+--------+-----+--------+

Top non-repeatable levels by time:
     D:1: 921 daAuts
     D:2: 796 daAuts
